AoeStats
← niklas

Nomad

509718314Analyzed
3v3 RM · 5d ago on Sep 27, 2026· 29m 33s· 6 players
Game mode
Random Map
Map size
210×210
Population
200
Speed
Normal
Resources
Standard
Victory
Conquest
Starting age
Dark Age
Ending age
Imperial Age
RankedLock teamsTeams togetherTeam positionsShared explorationLock speedFull tech treeHidden civsTurbo modeCheats
Victory
Defeat
🇩🇪 Portuguese · Germany
813
+14
🇺🇸 Danes · United States
798
+15
🇩🇪 Spanish · Germany
787
+15
🇹🇷 Britons · Türkiye
791
-15
🇹🇷 Huns · Türkiye
782
-15
🇹🇷 Burgundians · Türkiye
750
-14
burakack
17:27 Feudal Age
17:54 Double-Bit Axe
17:51 Horse Collar
17:40 Man-at-Arms
21:00 Bloodlines
24:57 Wheelbarrow
26:33 Castle Age
25:13 Wheelbarrow
25:53 Scale Barding Armor
27:59 Husbandry
Aytuk23
12:33 Horse Collar
16:05 Feudal Age
16:45 Wheelbarrow
16:41 Double-Bit Axe
17:48 Town Watch
19:39 Heavy Plow
22:16 Fishing Lines
27:56 Castle Age
26:47 Bow Saw
29:01 Cavalier
29:42 Husbandry
30:04 Scale Barding Armor
30:35 Crop Rotation
EmirBagtas
15:59 Feudal Age
16:28 Double-Bit Axe
16:31 Fishing Lines
19:29 Man-at-Arms
24:28 Castle Age
22:44 Horse Collar
24:22 Stone Mining
24:25 Gold Mining
25:43 Bow Saw
30:05 Ballistics
White Pride Worldwide
15:25 Feudal Age
19:56 Castle Age
18:31 Horse Collar
21:46 Wheelbarrow
22:15 Double-Bit Axe
23:40 Bow Saw
23:31 Heavy Plow
23:49 Fishing Lines
29:43 Squires
29:28 Arson
29:29 Gambesons
niklas
5:04 Loom
15:57 Feudal Age
19:42 Castle Age
17:54 Fishing Lines
18:19 Double-Bit Axe
23:11 Wheelbarrow
23:54 Bow Saw
flixy
4:29 Loom
15:01 Feudal Age
18:03 Double-Bit Axe
18:02 Horse Collar
20:39 Castle Age
19:50 Stone Mining
20:13 Town Watch
21:05 Wheelbarrow
20:28 Gold Mining
21:05 Fishing Lines
26:42 Gillnets
27:04 Medium Warships
30:14 Scale Barding Armor
30:20 Forging
Connection lost

Rejoining the realm…

Still unreachable

The connection could not be restored.

Session expired

The server has moved on; the page needs a fresh start.